 Dungeon Crawl Stone Soup version 0.13.0-29-gdb529de (webtiles) character file.

126 Lilouch the Firebug (level 3, 0/19 HPs)
             Began as a Deep Elf Fire Elementalist on Nov 5, 2013.
             Succumbed to a kobold's poison
             ... on Level 2 of the Dungeon.
             The game lasted 00:09:52 (1538 turns).

Lilouch the Firebug (Deep Elf Fire Elementalist)    Turns: 1538, Time: 00:09:52

HP   0/19        AC  2     Str  5      XL: 3   Next: 53%
MP  10/10        EV 13     Int 20      God:
Gold 77          SH  0     Dex 15      Spells:  1 memorised,  6 levels left

Res.Fire  : . . .   See Invis. : .   (no weapon)
Res.Cold  : . . .   Warding    : .   a - +0 elf robe
Life Prot.: . . .   Conserve   : .   (no shield)
Res.Poison: .       Res.Corr.  : .   (no helmet)
Res.Elec. : .       Clarity    : .   (no cloak)
Sust.Abil.: . .     Spirit.Shd : .   (no gloves)
Res.Mut.  : .       Stasis     : .   (no boots)
Res.Rott. : .       Flight     : .   (no amulet)
Saprovore : . . .                    (no ring)
                                     (no ring)

@: very poisoned, slightly resistant to hostile enchantments, fairly stealthy
A: no striking features
a: no special abilities


You were on level 2 of the Dungeon.
You were hungry.

You visited 1 branch of the dungeon, and saw 2 of its levels.

You collected 57 gold pieces.

Inventory:

Hand weapons
 g - a +0,+0 club (quivered)
 k - a +0,+0 club
 l - a -1,+0 orcish club
 n - a +2,+0 elven dagger
 o - a cursed +0,-3 club
 p - a +0,+0 club
 q - a cursed -4,-2 orcish club
 s - a +0,+0 orcish club
 u - a cursed -2,+1 orcish dagger
 v - a -1,+0 orcish club
 A - a +0,+0 club
Missiles
 h - 2 poisoned darts
Armour
 a - a +0 elven robe (worn)
Comestibles
 c - 2 bread rations
Scrolls
 d - a scroll of remove curse {unknown}
 e - 2 scrolls of random uselessness {unknown}
 i - a scroll of enchant weapon I {unknown}
 t - a scroll of teleportation {unknown}
 w - a scroll of curse jewellery {unknown}
 y - a scroll of enchant weapon II {unknown}
 z - a scroll of identify {unknown}
Potions
 j - a potion of might {unknown}
 m - 2 potions of curing {unknown}
 r - a potion of restore abilities {unknown}
Books
 b - a book of Flames

   Spells                             Type                      Level
   *Flame Tongue                      Conjuration/Fire             1
   Throw Flame                        Conjuration/Fire             2
   Conjure Flame                      Conjuration/Fire             3
   Inner Flame                        Hexes/Fire                   3
   Sticky Flame                       Conjuration/Fire             4
   Fireball                           Conjuration/Fire             5


   Skills:
 - Level 1.0 Armour
 - Level 2.4 Dodging
 - Level 2.4 Stealth
 + Level 2.6 Spellcasting
 * Level 2.2 Conjurations
 + Level 3.7 Fire Magic


You had 6 spell levels left.
You knew the following spells:

 Your Spells              Type           Power        Failure   Level  Hunger
a - Flame Tongue          Conj/Fire      ##...        4%          1    None


Dungeon Overview and Level Annotations

Branches:
Dungeon (2/27)

Altars:
Makhleb


Message History

You are poisoned.
The kobold closely misses you. The kobold barely misses you.
You see here a club.
Press: ? - help, v - describe, . - travel
Here: a kobold, wielding a short sword of venom The floor.
Unknown command.
Ouch! You feel sick.
The kobold hits you with a short sword of venom.
You are more poisoned.
You feel sick. The kobold barely misses you.
Ouch! You feel sick. The kobold closely misses you.
The kobold hits you with a short sword of venom.
* * * LOW HITPOINT WARNING * * *
You are more poisoned.
You feel less confused.
* * * LOW HITPOINT WARNING * * *
You feel very sick.
You die...

#.### #.... #...# ###..
##### ########...######..
#...###..................
#.....#.######....#...#..
#.....#.#..)##....#...#..
#........................
#.###....K...#....####
#.......@............
####.<.......#....###
#........##.#### .
#.....#####.# ... ####.##
#.# .... #... ... ....
#....# . .###>. #......
...#.. ....... ....(.


You could see a kobold.

Vanquished Creatures
  A giant mite (D:2)
  A worm (D:2)
  An ooze (D:1)
  A ball python (D:1)
  8 hobgoblins
  7 kobolds
  7 bats
  2 giant newts
  6 goblins
  2 rats
36 creatures vanquished.

Notes
Turn   | Place    | Note
--------------------------------------------------------------
     0 | D:1      | Lilouch, the Deep Elf Fire Elementalist, began the quest for the Orb.
     0 | D:1      | Reached XP level 1. HP: 10/10 MP: 4/4
   113 | D:1      | Reached skill level 1 in Armour
   140 | D:1      | Reached XP level 2. HP: 15/15 MP: 0/6
   935 | D:2      | Reached XP level 3. HP: 19/19 MP: 4/10
  1385 | D:2      | Found a burning altar of Makhleb.
  1538 | D:2      | Succumbed to a kobold's poison

Action                   || total
-------------------------++-------
Melee: Unarmed           ||     3
Throw: Club              ||     6
       Dagger            ||     6
       Dart              ||     2
 Cast: Flame Tongue      ||    59
